 Dungeon Crawl Stone Soup version 0.17.0-22-g5edae84 (webtiles) character file.

961 timbw the Grappler (level 8, 35/35 HPs)
             Began as a Vine Stalker Fighter on Nov 13, 2015.
             Quit the game on level 4 of the Dungeon.
             The game lasted 00:06:17 (1332 turns).

timbw the Grappler (Vine Stalker Fighter)           Turns: 1332, Time: 00:06:18

Health: 35/35      AC:  9    Str: 19    XL:     8   Next: 15%
Magic:  9/9        EV:  7    Int:  8    God:
Gold:   67         SH:  9    Dex: 16    Spells: 0 memorised, 7 levels left

rFire  . . .     SeeInvis .       - Unarmed
rCold  . . .     Clarity  +     a - +0 scale mail
rNeg   . . .     SustAt   .     b - +0 shield
rPois  .         Gourm    .     j - +0 helmet
rElec  .         Spirit   +     (no cloak)
rCorr  .         Warding  .     (no gloves)
rMut   .         Rnd*Tele +     (no boots)
MR     +....                    (no amulet)
Stlth  +.........               g - ring of teleportation (curse)
                                o - ring of stealth

@: somewhat resistant to hostile enchantments, very unstealthy
A: fangs 3, yellow scales 1, clarity, frail 1, regeneration 2, magic shield,
antimagic bite, no device heal 3, rot immunity, subdued magic 1
a: Evoke Teleportation


You were on level 4 of the Dungeon.
You were not hungry.

You visited 1 branch of the dungeon, and saw 7 of its levels.

You collected 67 gold pieces.

Inventory:

Missiles
 e - 2 throwing nets (quivered)
Armour
 a - a +0 scale mail (worn)
 b - a +0 shield (worn)
 j - a +0 helmet (worn)
Jewellery
 g - a cursed ring of teleportation (right hand)
 o - a ring of stealth (left hand)
 s - an uncursed ring of fire
Wands
 c - a wand of digging (14)
Scrolls
 i - a scroll of remove curse
 r - a scroll of identify
 t - a scroll of teleportation
Potions
 f - 3 potions of curing
 h - a potion of brilliance
 k - a potion of poison
 l - a potion of cancellation
 m - a potion of invisibility {unknown}
 n - a potion of ambrosia {unknown}
 q - a potion of flight {unknown}
Comestibles
 d - 2 bread rations
 p - 2 chunks of flesh


   Skills:
 - Level 2.6 Fighting
 - Level 2.4 Armour
 - Level 2.6 Shields
 + Level 9.3 Unarmed Combat


You had 7 spell levels left.
You didn't know any spells.

Dungeon Overview and Level Annotations

Branches:
Dungeon (7/15)
 Temple: D:4-7

Altars:
Elyvilon

Annotations:
D:5 Dowan, Duvessa, Sigmund


Innate Abilities, Weirdness & Mutations

You have razor-sharp teeth.
You heal very quickly.
When hurt, damage is shared between your health and your magic reserves.
Your bite disrupts and absorbs the magic of your enemies.
Potions and wands cannot restore your health.
You are immune to rotting.
You are partially covered in yellow scales (AC +2).
You possess an exceptional clarity of mind.
You are frail (-10% HP).
Your spells are a little easier to cast, but a little less powerful.


Message History

Found 14 gold pieces.
Found a stone staircase leading up.
There is a stone staircase leading up here.
You climb upwards.
Natasha, Servant of Life and Death comes into view.
Found 24 gold pieces and a leather armour.
There is a stone staircase leading down here.
Unknown command.
You block Natasha's attack.
You closely miss Natasha. You bite Natasha.
Natasha's magic leaks into the air.
You drain her magic.
Natasha is heavily wounded.
Natasha stares at you and mumbles some strange words.
The magic dart hits you!
You punch Natasha!
You kill Natasha!
Natasha screams in pain as she dies!
No target in view!
No target in view!
No target in view!
Are you sure you want to abandon this character and quit the game? (Confirm with "yes".)

#....###.#. #.
#.......... #. ..
#.......... .#..
##........ ...
###......... ###..
#####........... ...#
#.....#######+##
####.#####.####........
#.....@.##.# #........
#$....#..#.# #........
#.†..###...####........
#...>+................#
#....#####.#########...
#..$.# #.# #.....
#.[..# #.# #.#.#.
###########.# #.#.##
#####.........#.#
#.#.##


There were no monsters in sight!

Vanquished Creatures
  Grinder (D:6)
  Menkaure (D:5)
  Edmund (D:5)
  A giant frog (D:6)
  Blork the orc (D:6)
  The ghost of timbw the Ruffian, an amateur VSFi (D:4)
  Ijyb (D:2)
  Natasha (twice) (D:4)
  3 iguanas
  A killer bee zombie (D:5)
  2 worker ants
  3 gnolls (D:2)
  Robin (D:2)
  3 adders
  2 adder skeletons (D:5)
  A worm (D:6)
  An orc (D:7)
  2 bats (D:2)
  5 giant cockroaches
  12 goblins
  7 hobgoblins
  A kobold (D:1)
  2 quokkas
  A giant gecko (D:7)
  A giant gecko skeleton (D:6)
  A jackal skeleton (D:4)
  A jackal zombie (D:7)
  5 rats
64 creatures vanquished.

Notes
Turn   | Place    | Note
--------------------------------------------------------------
     0 | D:1      | timbw the Vine Stalker Fighter began the quest for the Orb.
     0 | D:1      | Reached XP level 1. HP: 11/11 MP: 2/2
   130 | D:1      | Reached XP level 2. HP: 16/16 MP: 3/3
   179 | D:2      | Reached skill level 3 in Unarmed Combat
   216 | D:2      | Noticed Ijyb
   230 | D:2      | Killed Ijyb
   230 | D:2      | Reached XP level 3. HP: 19/19 MP: 4/4
   330 | D:2      | Noticed Robin
   342 | D:2      | Reached skill level 4 in Unarmed Combat
   348 | D:2      | Reached XP level 4. HP: 13/23 MP: 5/5
   355 | D:2      | Killed Robin
   409 | D:2      | Reached skill level 5 in Unarmed Combat
   443 | D:3      | Reached XP level 5. HP: 24/27 MP: 6/6
   482 | D:4      | Noticed timbw's ghost (amateur VSFi)
   553 | D:4      | Noticed Natasha
   563 | D:4      | Killed Natasha
   670 | D:4      | Killed timbw's ghost
   670 | D:4      | Reached skill level 6 in Unarmed Combat
   670 | D:4      | Gained mutation: You heal very quickly. [Vine Stalker growth]
   670 | D:4      | Reached XP level 6. HP: 27/32 MP: 7/7
   674 | D:5      | Entered Level 5 of the Dungeon
   706 | D:5      | Noticed Edmund
   710 | D:5      | Noticed Menkaure
   716 | D:5      | Killed Edmund
   718 | D:5      | Killed Menkaure
   718 | D:5      | Reached skill level 7 in Unarmed Combat
   718 | D:5      | Reached XP level 7. HP: 10/35 MP: 8/8
   739 | D:5      | Noticed Sigmund
   740 | D:5      | Noticed Dowan
   742 | D:5      | Noticed Duvessa
   778 | D:6      | Gained mutation: You are frail (-10% HP). [potion of mutation]
   778 | D:6      | Gained mutation: Your spells are a little easier to cast, but a little less powerful. [potion of mutation]
   779 | D:6      | Gained mutation: You possess an exceptional clarity of mind. [potion of mutation]
   779 | D:6      | Gained mutation: You are partially covered in yellow scales (AC +2). [potion of mutation]
   825 | D:6      | Noticed Blork the orc
   837 | D:6      | Killed Blork the orc
   862 | D:6      | Reached skill level 8 in Unarmed Combat
   879 | D:6      | Noticed Grinder
   889 | D:6      | Killed Grinder
   891 | D:6      | Reached skill level 9 in Unarmed Combat
   891 | D:6      | Gained mutation: You have razor-sharp teeth. [Vine Stalker growth]
   891 | D:6      | Reached XP level 8. HP: 30/35 MP: 9/9
   931 | D:7      | Found a white marble altar of Elyvilon.
  1325 | D:4      | Noticed Natasha
  1328 | D:4      | Killed Natasha
  1332 | D:4      | Quit the game

Action                   |  1- 3 |  4- 6 |  7- 9 || total
-------------------------+-------+-------+-------++-------
Melee: Unarmed           |    80 |    60 |    89 ||   229
Throw: Throwing net      |       |       |     1 ||     1
  Use: Potion            |     1 |     1 |     2 ||     4
       Scroll            |       |     5 |     6 ||    11
  Eat: Chunk             |       |       |     2 ||     2
